 Dungeon Sprint DCSS version 0.22.1-2-g9c5b331 (webtiles) character file.

10434336 diana the End of an Era (level 24, 158/158 HPs)
             Began as a Vine Stalker Gladiator on Dec 16, 2018.
             Was the Champion of Qazlal.
             Escaped with the Orb
             ... and 3 runes!
             The game lasted 00:54:23 (5799 turns).

diana the End of an Era (Vine Stalker Gladiator)    Turns: 5799, Time: 00:54:23

Health: 158/158    AC: 45    Str: 42    XL:     24   Next: 44%
Magic:  41/41      EV: 34    Int: 10    God:    Qazlal [******]
Gold:   175        SH: 45    Dex: 27    Spells: 23/23 levels left

rFire    + + .     SeeInvis +   F - +5 broad axe
rCold    + + +     Gourm    .   T - +2 large shield
rNeg     + + +     Faith    .   x - +15 Maxwell's patent armour {-Cast -Tele rElec MR+ rCorr}
rPois    +         Spirit   +   K - +2 helmet {SInv}
rElec    +         Reflect  .   U - scarf {rC+ rF+}
rCorr    +         Harm     .   G - +0 pair of gloves {Dex+3}
MR       +++..     Clarity  +   O - +0 pair of boots {Fly} Stlth +.........NoTele +
                                r - amulet "Kunikk" {RegenMP rC+ rN+ Slay+2}
HPRegen  1.16/turn NoCast   +   R - ring of Peace {rElec rN++ Str+7 Dex-4 Slay+5}
MPRegen  0.52/turn              M - ring "Tiuxem" {rC+ MR- Str+8 Dex+10 SInv}

@: flying, studying Fire Magic, repel missiles
A: fangs 3, large bone plates 1, clarity, clever 1, fire resistance 1, poison
resistance, regeneration 2, magic shield, antimagic bite, no potion heal 3, rot
immunity
0: Orb of Zot
}: 3/3 runes: silver, golden, iron
a: Upheaval, Elemental Force, Disaster Area, Renounce Religion, Stop Flying


You escaped.
You worshipped Qazlal.
Qazlal was exalted by your worship.
You were not hungry.

You visited 1 branch You collected 175 gold pieces.

Inventory:

Hand Weapons
 a - a +2 broad axe of chopping
 c - the +8 hand crossbow of Eternal Vigilance {penet, rElec Str+4}
   (You found it in the Dungeon)

   Ammo fired by it will pass through the targets it hits, potentially hitting
   all targets in its path until it reaches maximum range.
   It affects your strength (+4).
   It insulates you from electricity.
 v - a +1 broad axe of chopping
 E - the +12 Vampire's Tooth {vamp}
   (You found it in the Dungeon)

   It inflicts no extra harm, but heals its wielder when it wounds a living foe.
 F - a +5 broad axe (weapon)
Missiles
 d - 6 throwing nets (quivered)
Armour
 x - the +15 Maxwell's patent armour (worn) {-Cast -Tele rElec MR+ rCorr}
   (You found it in the Dungeon)

   It insulates you from electricity.
   It affects your resistance to hostile enchantments.
   It prevents spellcasting.
   It prevents most forms of teleportation.
   It provides partial protection from all sources of acid and corrosion.
 G - a +0 pair of gloves of dexterity (worn)
 I - the +2 buckler of Limitation {Str+3}
   (You found it in the Dungeon)

   It affects your strength (+3).
 K - a +2 helmet of see invisible (worn)
 L - +3 shadow dragon scales
 N - +2 swamp dragon scales
 O - a +0 pair of boots of flying (worn)
 T - a +2 large shield (worn)
 U - a scarf of resistance (worn)
Jewellery
 b - the ring of Absolutism {rC+ MR+ Str+3 Dex+3}
   (You found it in the Dungeon)

   [ring of protection from magic]

   It affects your strength (+3).
   It affects your dexterity (+3).
   It protects you from cold.
   It affects your resistance to hostile enchantments.
 r - the amulet "Kunikk" (around neck) {RegenMP rC+ rN+ Slay+2}
   (You found it in the Dungeon)

   [amulet of magic regeneration]

   It increases your magic regeneration.
   It affects your accuracy and damage with ranged weapons and melee attacks
   (+2).
   It protects you from cold.
   It protects you from negative energy.
 C - the amulet "Siodaol" {Faith *Slow Str+5 Dex+6}
   (You found it in the Dungeon)

   [amulet of faith]

   It allows you to gain divine favour quickly.
   It affects your strength (+5).
   It affects your dexterity (+6).
   It may slow you when you take damage.
 J - the ring of Onopos {*Slow rPois rF+ Dex+6 Slay+2}
   (You found it in the Dungeon)

   [ring of dexterity]

   It affects your dexterity (+6).
   It affects your accuracy and damage with ranged weapons and melee attacks
   (+2).
   It protects you from fire.
   It protects you from poison.
   It may slow you when you take damage.
 M - the ring "Tiuxem" (right hand) {rC+ MR- Str+8 Dex+10 SInv}
   (You found it in the Dungeon)

   [ring of protection from cold]

   It affects your strength (+8).
   It affects your dexterity (+10).
   It protects you from cold.
   It affects your resistance to hostile enchantments.
   It lets you see invisible.
 R - the ring of Peace (left hand) {rElec rN++ Str+7 Dex-4 Slay+5}
   (You found it in the Dungeon)

   [ring of slaying]

   It affects your strength (+7).
   It affects your dexterity (-4).
   It affects your accuracy and damage with ranged weapons and melee attacks
   (+5).
   It insulates you from electricity.
   It greatly protects you from negative energy.
Wands
 p - a wand of paralysis (12)
 q - a wand of flame (26)
 S - a wand of enslavement (11)
Scrolls
 k - 2 scrolls of fear
 m - 10 scrolls of remove curse
 n - 6 scrolls of amnesia
 o - a scroll of summoning
 y - 8 scrolls of enchant armour
 z - 10 scrolls of identify
 A - 3 scrolls of blinking
 B - 4 scrolls of enchant weapon
 D - a scroll of magic mapping
 P - a scroll of fog
Potions
 e - 21 potions of curing
 g - 28 potions of heal wounds
 h - 7 potions of haste
 i - a potion of magic
 j - a potion of berserk rage
 l - 2 potions of invisibility
 s - a potion of resistance
 t - 7 potions of brilliance
 u - a potion of mutation
 Q - 3 potions of might
Books
 w - a manual of Fire Magic
Miscellaneous
 H - the horn of Geryon
Comestibles
 f - 17 rations


   Skills:
 O Level 27 Fighting
 O Level 27 Axes
 O Level 27 Crossbows
 + Level 22.9 Throwing
 O Level 27 Armour
 O Level 27 Dodging
 O Level 27 Stealth
 O Level 27 Shields
 O Level 27 Invocations
 O Level 27 Evocations


You had 23 spell levels left.
You didn't know any spells.
Your spell library was empty.

Dungeon Overview and Level Annotations

Branches:
Dungeon (1/1)

Altars:
Ashenzari
Cheibriados
Dithmenos
Elyvilon
Fedhas
Gozag
Hepliaklqana
Kikubaaqudgha
Makhleb
Nemelex Xobeh
Okawaru
Qazlal
Ru
Sif Muna
Trog
Uskayaw
Vehumet
Wu Jian
Xom
Yredelemnul
Zin
The Shining One
Beogh
Jiyva
Lugonu


Innate Abilities, Weirdness & Mutations

You have razor-sharp teeth.
You heal very quickly.
When hurt, damage is shared between your health and your magic reserves.
Your bite disrupts and absorbs the magic of your enemies.
Potions cannot restore your health.
You are immune to rotting.
You are partially covered in large bone plates. (SH +4)
You possess an exceptional clarity of mind.
Your mind is acute. (Int +2)
Your flesh is heat resistant. (rF+)
Your system is resistant to poisons. (rPois)


Message History

Your Throwing skill increases to level 22!
The blizzard demon gestures at you. The freezing blast misses you.
You slice the blizzard demon!! You bite the blizzard demon.
You kill the blizzard demon!
Qazlal accepts your kill.
(D) Dungeon
Where to? (Enter - D @ (x,y), ? - help)
Things that are here:
a buckler; a javelin
Items here: ))) [[[[[
Things that are here:
a plate armour; a battleaxe of freezing You see here a robe.
Things that are here:
a dire flail x2; a dire flail of draining
There is an open door here.
There is a staircase leading out of the dungeon here.
You can't go down here!
You have escaped!

##.......## #
#########
##################
#....#.....#......
#....#.....#......
#....#...........#
#....#...........#
#.§§.###..###..###
#@§..#............
#"<§§'......).....
#=<<.#............
#=<<<###..###))###
#==<<#.....).)...#
#..<<#.....).....#
#..<<#.....#....[.
#...<#.....#......
#''###############


There were no monsters in sight!

Vanquished Creatures
  Antaeus (D)
  the Royal Jelly (D)
  Ereshkigal (D)
  Gloorx Vloq (D)
  Lom Lobon (D)
  Khufu (D)
  Tiamat (D)
  Dispater (D)
  2 orbs of fire (D)
  7 ancient liches (D)
  Mara (D)
  8 pandemonium lords (D)
  5 greater mummies (D)
  Frederick (D)
  Margery (D)
  Saint Roka (D)
  3 curse toes (D)
  2 golden dragons (D)
  Geryon (D)
  2 Killer Klowns (D)
  Jory (D)
  A profane servitor (D)
  6 Tzitzimimeh (D)
  3 bone dragons (D)
  A pearl dragon (D)
  2 Brimstone Fiends (D)
  2 tentacled monstrosities (D)
  3 electric golems (D)
  An Ice Fiend (D)
  3 liches (D)
  A hellephant (D)
  5 Hell Sentinels (D)
  3 titans (D)
  27 Orb Guardians (D)
  3 deep elf blademasters (D)
  2 quicksilver dragons (D)
  6 acid blobs (D)
  3 Executioners (D)
  Polyphemus (D)
  A deep elf master archer (D)
  A death cob (D)
  2 sphinxes (D)
  2 draconian monks (D)
  3 storm dragons (D)
  2 shadow dragons (D)
  12 azure jellies (D)
  26 daevas (D)
  A frost giant (D)
  3 nagarajas (D)
  2 deep elf sorcerers (D)
  2 fire giants (D)
  3 balrugs (D)
  An iron dragon (D)
  2 cacodemons (D)
  2 orc warlords (D)
  Louise (D)
  2 draconian scorchers (D)
  An emperor scorpion (D)
  2 ghost moths (D)
  4 draconian annihilators (D)
  4 spriggan defenders (D)
  3 draconian stormcallers (D)
  25 angels (D)
  A war gargoyle (D)
  A stone giant (D)
  2 reapers (D)
  5 green draconians (D)
  7 deep elf demonologists (D)
  A vampire knight (D)
  An ophan (D)
  A minotaur (D)
  2 black draconians (D)
  A red draconian (D)
  3 lorocyprocas (D)
  6 white draconians (D)
  2 deep elf annihilators (D)
  Snorg (D)
  3 yellow draconians (D)
  A merfolk javelineer (D)
  2 ettins (D)
  4 death oozes (D)
  3 blizzard demons (D)
  2 mummy priests (D)
  4 deep elf high priests (D)
  2 fire dragons (D)
  A merfolk impaler (D)
  A yaktaur captain (D)
  3 naga warriors (D)
  A hydra (D)
  4 ice dragons (D)
  16 vault guards (D)
  3 spriggan air magi (D)
  An alligator snapping turtle (D)
  2 merfolk avatars (D)
  A merfolk aquamancer (D)
  An ogre mage (D)
  A two-headed ogre (D)
  A centaur warrior (D)
  An iron elemental (D)
  2 death knights (D)
  A deep troll earth mage (D)
  A deep troll shaman (D)
  A vampire mage (D)
  A death yak (D)
  2 spriggan berserkers (D)
  2 alligators (D)
  A soul eater (D)
  Nergalle (D)
  Sonja (D)
  2 deep elf knights (D)
  A sixfirhy (D)
  4 iron trolls (D)
  27 hell knights (D)
  A salamander mystic (D)
  A death drake (D)
  27 cherubim (D)
  A swamp dragon (D)
  2 unseen horrors (D)
  16 wizards (D)
  2 deep trolls (D)
  10 orc knights (D)
  16 necromancers (D)
  A cyclops (D)
  2 wolf spiders (D)
  3 deep elf magi (D)
  2 manticores (D)
  2 orc sorcerers (D)
  An ugly thing (D)
  A guardian serpent (shapeshifter) (D)
  A rust devil (D)
  An eye of devastation (D)
  An elephant (D)
  Psyche (D)
  A smoke demon (D)
  2 naga magi (D)
  An orange demon (D)
  A spiny frog (D)
  A kobold demonologist (D)
  2 efreet (D)
  A demonic crawler (D)
  2 hellions (D)
  A tormentor (D)
  2 hellwings (D)
  2 red devils (D)
  7 merfolk (D)
  A tyrant leech (D)
  3 blink frogs (D)
  2 hornets (D)
  4 dream sheep (D)
  An air elemental (D)
  3 water elementals (D)
  10 humans (D)
  A shadow (D)
  A vampire (D)
  A wyvern (D)
  3 ynoxinuls (D)
  A fire bat (D)
  3 golden eyes (D)
  A basilisk (D)
  A steam dragon (D)
  2 neqoxecs (D)
  2 chaos spawn (D)
  A warg (D)
  3 insubstantial wisps (D)
  A naga (D)
  A soldier ant (shapeshifter) (D)
  A soldier ant (D)
  A floating eye (D)
  2 porcupines (D)
  6 orc warriors (D)
  2 black bears (D)
  A necrophage (D)
  4 wolves (D)
  3 big kobolds (D)
  A quasit (D)
  A gnoll shaman (D)
  An orc wizard (D)
  Terence (D)
  4 hell rats (D)
  2 mummies (D)
  4 gnolls (D)
  2 adders (D)
  An ufetubus (D)
  An ooze (D)
  2 worms (D)
  A leopard gecko (D)
  3 orcs (D)
  3 bats (D)
  A bat skeleton (D)
  3 bat zombies (D)
  A giant cockroach (D)
  2 hobgoblins (D)
  A bat simulacrum (D)
  A giant cockroach simulacrum (D)
  7 kobolds (D)
  A leopard gecko skeleton (D)
  A quokka skeleton (D)
588 creatures vanquished.

Vanquished Creatures (others)
  An orc knight (D)
  An ufetubus (D)
  4 ball lightnings (D)
6 creatures vanquished.

Grand Total: 594 creatures vanquished

Notes
Turn   | Place    | Note
-------+----------+-------------------------------------------
     0 | D        | diana the Vine Stalker Gladiator began the quest for the
                  | Orb.
     0 | D        | Reached XP level 1. HP: 11/11 MP: 2/2
    90 | D        | Found a bloodstained altar of Trog.
    90 | D        | Found a deep blue altar of Sif Muna.
    90 | D        | Found a viscous altar of Jiyva.
    90 | D        | Found a hazy altar of Hepliaklqana.
    90 | D        | Found an opulent altar of Gozag.
    91 | D        | Found a glowing golden altar of the Shining One.
    91 | D        | Found a glowing silver altar of Zin.
    91 | D        | Found a basalt altar of Yredelemnul.
    91 | D        | Found a shimmering altar of Xom.
    91 | D        | Found an ornate altar of the Wu Jian Council.
    91 | D        | Found a sacrificial altar of Ru.
    91 | D        | Found a stormy altar of Qazlal.
    91 | D        | Found an iron altar of Okawaru.
    91 | D        | Found a sparkling altar of Nemelex Xobeh.
    91 | D        | Found a burning altar of Makhleb.
    91 | D        | Found a blossoming altar of Fedhas.
    91 | D        | Found a white marble altar of Elyvilon.
    91 | D        | Found a shadowy altar of Dithmenos.
    91 | D        | Found a snail-covered altar of Cheibriados.
    92 | D        | Found a radiant altar of Vehumet.
    92 | D        | Found a corrupted altar of Lugonu.
    92 | D        | Found a roughly hewn altar of Beogh.
    93 | D        | Found a hide-covered altar of Uskayaw.
    93 | D        | Found an ancient bone altar of Kikubaaqudgha.
    93 | D        | Found a shattered altar of Ashenzari.
    96 | D        | Became a worshipper of Qazlal Stormbringer
   105 | D        | Noticed a floating eye
   108 | D        | Killed a floating eye
   108 | D        | Reached XP level 2. HP: 16/18 MP: 3/6
   108 | D        | Reached XP level 3. HP: 19/21 MP: 3/7
   108 | D        | Gained mutation: Your natural rate of healing is unusually
                  | fast. [Vine Stalker growth]
   108 | D        | Reached XP level 4. HP: 24/26 MP: 3/8
   122 | D        | Reached * piety under Qazlal
   130 | D        | Noticed a black bear
   133 | D        | Reached ** piety under Qazlal
   134 | D        | Reached XP level 5. HP: 29/30 MP: 7/9
   137 | D        | Killed a black bear
   137 | D        | Reached skill level 5 in Fighting
   137 | D        | Reached skill level 5 in Invocations
   226 | D        | Noticed a necrophage
   227 | D        | Reached XP level 6. HP: 36/36 MP: 6/11
   229 | D        | Noticed a porcupine
   229 | D        | Noticed a porcupine
   231 | D        | Killed a porcupine
   231 | D        | Reached *** piety under Qazlal
   231 | D        | Killed a necrophage
   231 | D        | Reached XP level 7. HP: 41/41 MP: 6/13
   238 | D        | Reached **** piety under Qazlal
   238 | D        | Reached skill level 10 in Axes
   328 | D        | Noticed Terence
   328 | D        | Noticed a deep elf mage
   333 | D        | Killed Terence
   337 | D        | Killed a deep elf mage
   337 | D        | Gained mutation: You have razor-sharp teeth. [Vine Stalker
                  | growth]
   337 | D        | Reached XP level 8. HP: 34/48 MP: 2/15
   427 | D        | Noticed a wyvern
   427 | D        | Noticed a deep elf mage
   434 | D        | Killed a deep elf mage
   436 | D        | Killed a wyvern
   647 | D        | Reached XP level 9. HP: 52/53 MP: 17/17
   664 | D        | Noticed an elephant
   665 | D        | Noticed an emperor scorpion
   665 | D        | Noticed a red devil
   668 | D        | Killed a red devil
   668 | D        | Reached ***** piety under Qazlal
   668 | D        | Reached skill level 1 in Armour
   688 | D        | Killed an elephant
   688 | D        | Reached skill level 10 in Invocations
   821 | D        | Killed an emperor scorpion
   821 | D        | Reached skill level 10 in Fighting
   821 | D        | Reached XP level 10. HP: 28/59 MP: 9/19
   929 | D        | Noticed a kobold demonologist
   936 | D        | Killed a kobold demonologist
   936 | D        | Reached skill level 5 in Dodging
   960 | D        | Noticed a wolf spider
   962 | D        | Noticed an orc sorcerer
   965 | D        | Noticed a soul eater
   968 | D        | Killed a wolf spider
   974 | D        | Killed an orc sorcerer
  1071 | D        | Noticed a guardian serpent
  1074 | D        | Reached skill level 5 in Armour
  1078 | D        | Killed a guardian serpent
  1079 | D        | Noticed a minotaur
  1083 | D        | Killed a minotaur
  1083 | D        | Reached skill level 15 in Axes
  1209 | D        | Noticed an orc knight
  1209 | D        | Noticed an alligator
  1209 | D        | Noticed an orc knight
  1209 | D        | Noticed an orc knight
  1209 | D        | Noticed an orc knight
  1209 | D        | Noticed an orc warlord
  1209 | D        | Noticed an orc knight
  1209 | D        | Noticed a vault guard
  1210 | D        | Killed an alligator
  1210 | D        | Reached XP level 11. HP: 56/65 MP: 16/20
  1210 | D        | Killed an orc knight
  1210 | D        | Noticed an orc knight
  1211 | D        | Killed a vault guard
  1211 | D        | Killed an orc knight
  1211 | D        | Noticed an orc knight
  1212 | D        | Noticed a naga warrior
  1213 | D        | Noticed a deep elf knight
  1214 | D        | Killed an orc knight
  1214 | D        | Noticed an orc warlord
  1215 | D        | Killed a deep elf knight
  1216 | D        | Killed an orc knight
  1216 | D        | Killed an orc warlord
  1216 | D        | Killed an orc knight
  1216 | D        | Killed an orc knight
  1216 | D        | Killed a naga warrior
  1216 | D        | Reached ****** piety under Qazlal
  1216 | D        | Killed an orc knight
  1216 | D        | Gained mutation: You heal very quickly. [Vine Stalker
                  | growth]
  1216 | D        | Reached XP level 12. HP: 61/72 MP: 5/22
  1524 | D        | Noticed Psyche
  1531 | D        | Killed Psyche
  1564 | D        | Noticed a merfolk avatar
  1565 | D        | Noticed Sonja
  1566 | D        | Noticed a death yak
  1568 | D        | Killed a merfolk avatar
  1571 | D        | Killed Sonja
  1573 | D        | Paralysed by an orc sorcerer for 2 turns
  1575 | D        | Noticed a nagaraja
  1584 | D        | Reached skill level 10 in Dodging
  1603 | D        | Noticed a naga warrior
  1607 | D        | Killed a nagaraja
  1607 | D        | Reached XP level 13. HP: 15/77 MP: 10/24
  1612 | D        | Killed an orc warlord
  1612 | D        | Reached skill level 10 in Armour
  1891 | D        | Reached skill level 15 in Invocations
  1907 | D        | Noticed a yaktaur captain
  1909 | D        | Noticed a vault guard
  1912 | D        | Killed a yaktaur captain
  1914 | D        | Noticed a deep elf master archer
  1921 | D        | Killed a vault guard
  1924 | D        | Killed a deep elf master archer
  2179 | D        | Found the +12 Vampire's Tooth {vamp}
  2261 | D        | Got the +2 buckler of Limitation {Str+3}
  2423 | D        | Noticed a fire giant
  2425 | D        | Reached skill level 1 in Shields
  2425 | D        | Killed a fire giant
  2425 | D        | Reached skill level 15 in Fighting
  2432 | D        | Got the +8 hand crossbow of Eternal Vigilance {penet, rElec
                  | Str+4}
  2531 | D        | Noticed Polyphemus
  2531 | D        | Noticed an ice dragon
  2532 | D        | Found the +15 Maxwell's patent armour {-Cast -Tele rElec
                  | MR+ rCorr}
  2532 | D        | Noticed Nergalle
  2533 | D        | Killed Nergalle
  2533 | D        | Noticed a mummy priest
  2535 | D        | Killed an ice dragon
  2536 | D        | Reached XP level 14. HP: 81/86 MP: 8/27
  2539 | D        | Killed Polyphemus
  2741 | D        | Noticed a deep elf demonologist
  2743 | D        | Noticed a lich
  2743 | D        | Noticed a sphinx
  2743 | D        | Noticed a deep elf sorcerer
  2743 | D        | Noticed a lich
  2744 | D        | Noticed a deep elf annihilator
  2745 | D        | Noticed an ancient lich
  2749 | D        | Killed a deep elf sorcerer
  2749 | D        | Killed a sphinx
  2749 | D        | Killed a lich
  2749 | D        | Killed a deep elf annihilator
  2749 | D        | Killed an ancient lich
  2749 | D        | Killed a lich
  2751 | D        | Killed a deep elf demonologist
  2751 | D        | Reached XP level 15. HP: 90/93 MP: 27/29
  2754 | D        | Noticed a sphinx
  2755 | D        | Noticed a curse toe
  2757 | D        | Noticed an Ice Fiend
  2759 | D        | Killed a curse toe
  2759 | D        | Reached skill level 15 in Dodging
  2764 | D        | Reached skill level 15 in Armour
  2765 | D        | Paralysed by a sphinx for 2 turns
  2765 | D        | Noticed a green draconian stormcaller
  2773 | D        | Killed a sphinx
  2775 | D        | Killed a green draconian stormcaller
  2960 | D        | Got the ring of Absolutism {rC+ MR+ Str+3 Dex+3}
  2962 | D        | Got the ring of Onopos {*Slow rPois rF+ Dex+6 Slay+2}
  2980 | D        | Got the ring "Renuer" {rElec rN++ MP+9 Str-4}
  2982 | D        | Got the amulet of the Komtur {RegenMP Int+3 SInv}
  2984 | D        | Got the ring of Peace {rElec rN++ Str+7 Dex-4 Slay+5}
  2996 | D        | Got the ring "Kurchifu" {rC+ EV-5}
  2998 | D        | Got the amulet of Elyvilon's Esteem {rElec rN+ Regen+}
  3000 | D        | Got the amulet "Siodaol" {Faith *Slow Str+5 Dex+6}
  3008 | D        | Got the amulet "Kunikk" {RegenMP rC+ rN+ Slay+2}
  3080 | D        | Noticed Snorg
  3082 | D        | Noticed a black draconian monk
  3082 | D        | Paralysed by a vampire knight for 4 turns
  3083 | D        | Noticed a death cob
  3086 | D        | Killed a death cob
  3086 | D        | Noticed Saint Roka
  3087 | D        | Killed Snorg
  3091 | D        | Noticed a bone dragon
  3091 | D        | Noticed a frost giant
  3093 | D        | Killed a frost giant
  3094 | D        | Killed Saint Roka
  3098 | D        | Killed a bone dragon
  3098 | D        | Reached XP level 16. HP: 16/102 MP: 19/31
  3100 | D        | Killed a black draconian monk
  3250 | D        | Noticed a shadow dragon
  3256 | D        | Noticed an ancient lich
  3265 | D        | Killed a shadow dragon
  3277 | D        | Killed an ancient lich
  3415 | D        | Noticed Louise
  3416 | D        | Reached XP level 17. HP: 110/110 MP: 33/33
  3416 | D        | Killed Louise
  3437 | D        | Got a silver rune of Zot
  3437 | D        | Got the ring of Sloth {*Corrode MR+ Str+4 Int-2 SInv}
  3611 | D        | Noticed a deep elf blademaster
  3614 | D        | Noticed a golden dragon
  3615 | D        | Reached skill level 5 in Shields
  3615 | D        | Killed a deep elf blademaster
  3616 | D        | Killed a golden dragon
  3617 | D        | Reached skill level 10 in Shields
  3619 | D        | Noticed a profane servitor
  3622 | D        | Noticed a hellephant
  3622 | D        | Noticed a greater mummy
  3624 | D        | Noticed a deep elf blademaster
  3625 | D        | Reached XP level 18. HP: 95/119 MP: 24/36
  3625 | D        | Killed a deep elf blademaster
  3625 | D        | Killed a greater mummy
  3625 | D        | Reached skill level 27 in Invocations
  3626 | D        | Reached skill level 15 in Shields
  3628 | D        | Killed a profane servitor
  3635 | D        | Noticed Jory
  3643 | D        | Noticed an ancient lich
  3647 | D        | Killed a hellephant
  3647 | D        | Killed an ancient lich
  3648 | D        | Killed Jory
  3651 | D        | Got the ring of Ompepp {rPois rN+ MR- MP+9}
  3651 | D        | Got the ring "Bojaclixt" {+Fly rC+ Str+4}
  3656 | D        | Noticed Dispater
  3708 | D        | Killed Dispater
  3741 | D        | Gained mutation: You have sharp fingernails. [potion of
                  | mutation]
  3741 | D        | Gained mutation: Your body sometimes deteriorates upon
                  | taking damage. [potion of mutation]
  3741 | D        | Gained mutation: You are partially covered in iridescent
                  | scales. (AC +2) [potion of mutation]
  3741 | D        | Gained mutation: You regenerate. [potion of mutation]
  3742 | D        | Lost mutation: Your body sometimes deteriorates upon taking
                  | damage. [potion of mutation]
  3742 | D        | Gained mutation: You are robust. (+10% HP) [potion of
                  | mutation]
  3742 | D        | Gained mutation: You are resistant to hostile enchantments.
                  | (MR+) [potion of mutation]
  3743 | D        | Lost mutation: You regenerate. [potion of mutation]
  3743 | D        | Gained mutation: You expend magic power (3 MP) to
                  | strengthen your wands. [potion of mutation]
  3743 | D        | Gained mutation: You have an increased reservoir of magic.
                  | (+10% MP) [potion of mutation]
  3744 | D        | Lost mutation: You expend magic power (3 MP) to strengthen
                  | your wands. [potion of mutation]
  3744 | D        | Lost mutation: You are partially covered in iridescent
                  | scales. (AC +2) [potion of mutation]
  3744 | D        | Lost mutation: You have an increased reservoir of magic.
                  | (+10% MP) [potion of mutation]
  3744 | D        | Lost mutation: You have sharp fingernails. [potion of
                  | mutation]
  3744 | D        | Gained mutation: You are weak. (Str -2) [potion of
                  | mutation]
  3744 | D        | Gained mutation: Your spells are a little easier to cast,
                  | but a little less powerful. [potion of mutation]
  3744 | D        | Gained mutation: Your flesh is heat resistant. (rF+)
                  | [potion of mutation]
  3745 | D        | Lost mutation: You are robust. (+10% HP) [potion of
                  | mutation]
  3745 | D        | Lost mutation: You are resistant to hostile enchantments.
                  | (MR+) [potion of mutation]
  3745 | D        | Gained mutation: You are partially covered in large bone
                  | plates. (SH +4) [potion of mutation]
  3745 | D        | Gained mutation: Your system is resistant to poisons.
                  | (rPois) [potion of mutation]
  3746 | D        | Lost mutation: Your spells are a little easier to cast, but
                  | a little less powerful. [potion of mutation]
  3746 | D        | Lost mutation: You are weak. (Str -2) [potion of mutation]
  3746 | D        | Gained mutation: You possess an exceptional clarity of
                  | mind. [potion of mutation]
  3746 | D        | Gained mutation: Your mind is acute. (Int +2) [potion of
                  | mutation]
  3765 | D        | Got the ring of Raviwir {Ice Dex+3}
  3769 | D        | Got the ring of Neurosis {rC+ EV+2}
  3778 | D        | Got the ring "Emicem" {*Corrode *Slow rPois rC+ Int+8}
  3780 | D        | Got the ring of the Butterfly {rN+ Int+3}
  3791 | D        | Got the ring "Ezxua" {rF+ Stlth+}
  3814 | D        | Got the amulet of Kuic {Acrobat MR+ Int+4}
  3884 | D        | Noticed a titan
  3890 | D        | Killed a titan
  3970 | D        | Noticed a Hell Sentinel
  3979 | D        | Killed a Hell Sentinel
  4019 | D        | Noticed an electric golem
  4028 | D        | Killed an electric golem
  4028 | D        | Reached XP level 19. HP: 123/123 MP: 37/37
  4042 | D        | Noticed a Tzitzimitl
  4046 | D        | Killed a Tzitzimitl
  4087 | D        | Noticed a Tzitzimitl
  4095 | D        | Killed a Tzitzimitl
  4170 | D        | Noticed an electric golem
  4177 | D        | Killed an electric golem
  4179 | D        | Noticed a Hell Sentinel
  4187 | D        | Killed a Hell Sentinel
  4190 | D        | Noticed Pasien the pandemonium lord
  4194 | D        | Noticed a greater mummy
  4208 | D        | Killed Pasien the pandemonium lord
  4208 | D        | Killed a greater mummy
  4307 | D        | Noticed the Royal Jelly
  4322 | D        | Killed the Royal Jelly
  4343 | D        | Noticed Geryon
  4371 | D        | Killed Geryon
  4396 | D        | Noticed an orb of fire
  4406 | D        | Killed an orb of fire
  4417 | D        | Noticed a Killer Klown
  4424 | D        | Killed a Killer Klown
  4434 | D        | Noticed an Ice Fiend
  4437 | D        | Killed an Ice Fiend
  4437 | D        | Reached XP level 20. HP: 134/134 MP: 38/38
  4489 | D        | Noticed Wer Kiom the pandemonium lord
  4494 | D        | Killed Wer Kiom the pandemonium lord
  4509 | D        | Noticed a Tzitzimitl
  4511 | D        | Noticed an ancient lich
  4517 | D        | Noticed Antaeus
  4518 | D        | Noticed a Tzitzimitl
  4519 | D        | Killed a Tzitzimitl
  4527 | D        | Noticed Eteciher the pandemonium lord
  4537 | D        | Noticed a greater mummy
  4538 | D        | Killed Eteciher the pandemonium lord
  4543 | D        | Killed a Tzitzimitl
  4543 | D        | Noticed an electric golem
  4547 | D        | Killed a greater mummy
  4561 | D        | Killed an ancient lich
  4561 | D        | Reached skill level 27 in Fighting
  4562 | D        | Killed a greater mummy
  4563 | D        | Killed an electric golem
  4564 | D        | Killed a Tzitzimitl
  4567 | D        | Noticed a bone dragon
  4574 | D        | Killed Antaeus
  4583 | D        | Killed a bone dragon
  4587 | D        | Noticed a curse toe
  4589 | D        | Killed a curse toe
  4593 | D        | Noticed Lom Lobon
  4695 | D        | Killed Lom Lobon
  4695 | D        | Reached skill level 27 in Dodging
  4695 | D        | Reached XP level 21. HP: 84/142 MP: 39/39
  4828 | D        | Got the ring "Tiuxem" {rC+ MR- Str+8 Dex+10 SInv}
  4832 | D        | Got an iron rune of Zot
  4896 | D        | Reached skill level 27 in Armour
  4896 | D        | Reached skill level 1 in Crossbows
  4941 | D        | Found the ring of the Mage {Wiz MR++ Int+3}
  4941 | D        | Reached skill level 5 in Crossbows
  4941 | D        | Reached skill level 27 in Shields
  4941 | D        | Reached skill level 10 in Crossbows
  4941 | D        | Killed a pearl dragon
  4948 | D        | Reached skill level 15 in Crossbows
  4950 | D        | Found the amulet of the Air {Inacc +Fly rElec EV+5 RMsl}
  4959 | D        | Reached XP level 22. HP: 96/148 MP: 18/40
  4970 | D        | Got a golden rune of Zot
  5193 | D        | Noticed Suinide the pandemonium lord
  5193 | D        | Noticed a curse toe
  5202 | D        | Killed a curse toe
  5205 | D        | Killed Suinide the pandemonium lord
  5227 | D        | Noticed a golden dragon
  5228 | D        | Noticed a greater mummy
  5233 | D        | Reached skill level 27 in Axes
  5233 | D        | Killed a golden dragon
  5233 | D        | Killed a greater mummy
  5234 | D        | Reached skill level 15 in Evocations
  5235 | D        | Noticed Margery
  5240 | D        | Noticed an ancient lich
  5242 | D        | Noticed Khufu
  5242 | D        | Noticed Mara
  5246 | D        | Killed Margery
  5247 | D        | Noticed diana's illusion
  5248 | D        | Killed Mara
  5248 | D        | Killed an ancient lich
  5253 | D        | Killed Khufu
  5297 | D        | Noticed Gloorx Vloq
  5298 | D        | Noticed a Killer Klown
  5302 | D        | Killed a Killer Klown
  5302 | D        | Reached XP level 23. HP: 125/153 MP: 41/41
  5305 | D        | Killed Gloorx Vloq
  5322 | D        | Reached skill level 27 in Crossbows
  5335 | D        | Noticed Fiff the pandemonium lord
  5350 | D        | Killed Fiff the pandemonium lord
  5442 | D        | Noticed Ereshkigal
  5443 | D        | Noticed an ancient lich
  5458 | D        | Killed an ancient lich
  5476 | D        | Killed Ereshkigal
  5476 | D        | Reached skill level 27 in Evocations
  5483 | D        | Noticed an ancient lich
  5491 | D        | Killed an ancient lich
  5491 | D        | Reached skill level 15 in Stealth
  5577 | D        | Noticed Vaurughu the pandemonium lord
  5584 | D        | Killed Vaurughu the pandemonium lord
  5586 | D        | Noticed Tiamat
  5588 | D        | Noticed Eroetwiw the pandemonium lord
  5589 | D        | Noticed an orb of fire
  5589 | D        | Noticed Frederick
  5591 | D        | Reached skill level 27 in Stealth
  5591 | D        | Killed an orb of fire
  5591 | D        | Reached skill level 10 in Throwing
  5591 | D        | Reached XP level 24. HP: 106/158 MP: 29/41
  5591 | D        | Reached skill level 15 in Throwing
  5591 | D        | Killed Eroetwiw the pandemonium lord
  5591 | D        | Killed Frederick
  5605 | D        | Killed Tiamat
  5684 | D        | Got the Orb of Zot
  5756 | D        | Noticed Zinit the pandemonium lord
  5764 | D        | Killed Zinit the pandemonium lord
  5799 | D        | Escaped with the Orb!

Skill      XL: |  1  2  3  4  5  6  7  8  9 10 11 12 13 14 15 16 17 18 19 20 21 22 23 24 |
---------------+-------------------------------------------------------------------------+-----
Fighting       | 4 5 6 8 9 10 11 12 13 15 17 19 21 22 25 27 | 27.0
Axes           | 6 8 9 11 12 13 15 16 18 24 27 | 27.0
Invocations    | 4 5 7 8 9 10 11 13 14 16 18 20 23 26 27 | 27.0
Armour         | 3 5 7 9 12 14 16 18 20 22 26 27 | 27.0
Dodging        | 4 6 8 10 12 14 16 19 20 22 27 | 27.0
Shields        | 4 12 24 26 27 | 27.0
Crossbows      | 19 26 27 | 27.0
Evocations     | 20 27 | 27.0
Stealth        | 27 | 27.0
Throwing       | 10 22 | 22.9

Action                   |  1- 3 |  4- 6 |  7- 9 | 10-12 | 13-15 | 16-18 | 19-21 | 22-24 || total
-------------------------+-------+-------+-------+-------+-------+-------+-------+-------++-------
Melee: War axe           |     3 |    16 |    29 |       |       |       |       |       ||    48
       Bite              |     1 |     4 |    14 |    49 |    51 |   110 |   149 |    82 ||   460
       Broad axe         |       |       |    33 |   100 |    93 |   173 |   227 |   146 ||   772
Throw: Throwing net      |       |       |     2 |       |     1 |       |       |       ||     3
Invok: Upheaval          |       |     1 |     7 |    12 |    10 |    10 |    16 |     5 ||    61
       Disaster Area     |       |       |       |     5 |    12 |    15 |    17 |    13 ||    62
       Elemental Force   |       |       |       |       |       |     2 |     1 |     1 ||     4
  Use: Potion            |       |       |     1 |     2 |     3 |     6 |     3 |     1 ||    16
       Scroll            |       |       |       |     1 |       |       |       |       ||     1
 Stab: Held in net/web   |       |       |       |       |     1 |       |       |       ||     1
  Eat: Chunk             |       |       |       |     2 |     4 |     4 |     3 |     3 ||    16
Armor: Leather armour    |     3 |    13 |       |       |       |       |       |       ||    16
       Ring mail         |       |     1 |    29 |    38 |     5 |       |       |       ||    73
       Ice dragon scales |       |       |       |       |     5 |       |       |       ||     5
       Plate armour      |       |       |       |       |    22 |    46 |    41 |    15 ||   124
Dodge: Dodged            |     3 |    20 |    35 |    86 |    64 |    84 |    77 |    44 ||   413
       Deflected         |       |       |       |     7 |     4 |     4 |     4 |     1 ||    20
Block: Other             |       |     3 |    28 |    48 |     9 |       |       |       ||    88
       Buckler           |       |       |       |       |    39 |   111 |    20 |       ||   170
       Large shield      |       |       |       |       |       |       |   240 |   171 ||   411
